 Dungeon Crawl Stone Soup version 0.21.1-1-g345015f (webtiles) character file.

56 Fang the Skirmisher (level 3, -1/24 HPs)
             Began as a Gargoyle Berserker on Apr 24, 2018.
             Was a Believer of Trog.
             Slain by an adder (2 damage)
             ... on level 2 of the Dungeon.
             The game lasted 00:02:18 (1448 turns).

Fang the Skirmisher (Gargoyle Berserker)            Turns: 1448, Time: 00:02:19

Health: -1/24      AC:  5    Str: 21    XL:     3   Next: 97%
Magic:  0/3        EV: 12    Int:  7    God:    Trog [**....]
Gold:   26         SH:  0    Dex:  9    Spells: 2/2 levels left

rFire    + . .     SeeInvis .   a - +0 hand axe
rCold    . . .     Gourm    .   (no shield)
rNeg     + . .     Faith    .   b - +0 animal skin
rPois    ∞         Spirit   +   (no helmet)
rElec    +         Reflect  .   (no cloak)
rCorr    .         Harm     .   (no gloves)
MR       .....                  (no boots)
Stlth    +.........             d - amulet of guardian spirit
HPRegen  0.08/turn              f - ring of protection from fire
MPRegen  0.08/turn              (no ring)

@: no status effects
A: negative energy resistance 1, electricity resistance, unbreathing,
petrification resistance, rot immunity, AC +3
a: Berserk, Trog's Hand, Burn Spellbooks, Renounce Religion


You were on level 2 of the Dungeon.
You worshipped Trog.
Trog was pleased with you.
You were not hungry.

You visited 1 branch of the dungeon, and saw 3 of its levels.

You collected 26 gold pieces.

Inventory:

Hand Weapons
 a - a +0 hand axe (weapon)
Armour
 b - a +0 animal skin (worn)
Jewellery
 d - an amulet of guardian spirit (around neck)
 f - a ring of protection from fire (left hand)
 j - an uncursed ring of magical power {unknown}
Scrolls
 e - 5 scrolls of amnesia {unknown}
 g - 2 scrolls of remove curse {unknown}
 h - 2 scrolls of teleportation {unknown}
Potions
 i - a potion of lignification {unknown}
 k - a potion of agility
Comestibles
 c - 3 rations
 l - 9 chunks of flesh


   Skills:
 + Level 3.8 Fighting
 + Level 3.4 Axes
 + Level 2.4 Armour
 + Level 2.1 Dodging


You had 2 spell levels left.
You didn't know any spells.

Dungeon Overview and Level Annotations

Branches:
Dungeon (3/15)

Altars:
Fedhas


Innate Abilities, Weirdness & Mutations

You are resistant to torment.
Your stone body is resilient. (AC +3)
You are immune to poison.
You resist negative energy. (rN+)
You are resistant to electric shocks. (rElec)
You can survive without breathing.
You are immune to petrification.
You are immune to rotting.


Message History

You closely miss the adder.
The adder bites you but does no damage. x2
You hit the adder.
The adder is lightly wounded.
The adder bites you.
* * * LOW HITPOINT WARNING * * *
You closely miss the adder.
The adder is lightly wounded.
The adder bites you but does no damage. The adder bites you.
* * * LOW HITPOINT WARNING * * *
You hit the adder.
The adder is lightly wounded.
The adder closely misses you.
You hit the adder.
The adder is severely wounded.
The adder bites you.
* * * LOW HITPOINT WARNING * * *
You barely miss the adder.
The adder is severely wounded.
The adder misses you. The adder bites you.
You die...

#.# #.)..#...# #.#
###+###....#..(# #.#
#....##........+ # #.#
#....##........#
#.###.#####....###.......#
##.#.......)))............#
.......(...).[............#
##.#...###'###..S.....#...#
.......# #.# #..@>....'...#
##.....###.###.##.#...#####
##.#...'.._###..#.#...#
..##...###.###..#.#...#
....)..# #.# #....#...#
..##÷..###+###.#..#####
..##...........#..#
..##...........#..#
..##...........#


You could see an adder.

Vanquished Creatures
  Robin (D:2)
  3 dart slugs
  2 bats (D:1)
  A giant cockroach (D:1)
  18 goblins
  3 hobgoblins
  4 frilled lizards
  A kobold (D:1)
  3 rats
36 creatures vanquished.

Notes
Turn   | Place    | Note
-------+----------+-------------------------------------------
     0 | D:1      | Fang the Gargoyle Berserker began the quest for the Orb.
     0 | D:1      | Reached XP level 1. HP: 14/14 MP: 1/1
     3 | D:1      | Noticed an electric eel
     3 | D:1      | Noticed an electric eel
   151 | D:1      | Reached XP level 2. HP: 2/19 MP: 0/2
   953 | D:1      | Reached XP level 3. HP: 19/23 MP: 3/3
  1295 | D:2      | Found a blossoming altar of Fedhas.
  1305 | D:2      | Noticed Robin
  1314 | D:2      | Reached ** piety under Trog
  1341 | D:2      | Killed Robin
  1447 | D:2      | HP: 1/24 [adder (2)]
  1448 | D:2      | Slain by an adder

Skill      XL: |  1  2 |
---------------+-------+-----
Axes           | 3 |  3.4
Dodging        | 2 |  2.1
Fighting       | |  3.8
Armour         | |  2.4

Action                   || total
-------------------------++-------
Melee: Hand axe          ||   118
Invok: Berserk           ||     1
  Eat: Chunk             ||     3
Armor: Animal skin       ||    37
Dodge: Dodged            ||    86
